 Dungeon Sprint DCSS version 0.28.0-53-g5a82cb258f (webtiles) character file.

Game seed: 6187013114595468631

2958 bnorton916 the Grappler (level 9, 0/116 HPs)
             Began as a Troll Fighter on June 5, 2022.
             Was a Priest of Okawaru.
             Killed from afar by a deep elf knight (41 damage)
             ... with a shard of ice
             ... in the Dungeon (Sprint III: "The Ten Rune Challenge").
             The game lasted 00:05:05 (1944 turns).

bnorton916 the Grappler (Troll Fighter)             Turns: 1944, Time: 00:05:05

Health: 0/116      AC:  6    Str: 30    XL:     9   Next: 52%
Magic:  8/8        EV:  9    Int:  4    God:    Okawaru [***...]
Gold:   1845       SH: 10    Dex:  9    Spells: 8/8 levels left

rFire   + . .      SeeInvis .     - Unarmed
rCold   . . .      Faith    .   b - +0 kite shield
rNeg    . . .      Spirit   .   p - +2 robe {rF+}
rPois   .          Reflect  .   (helmet restricted)
rElec   .          Harm     .   (no cloak)
rCorr   .          Rampage  .   (gloves unavailable)
Will    .....      NoTele   +   (boots unavailable)
Stlth   +.........              (no amulet)
HPRegen 1.09/turn               (no ring)
MPRegen 0.11/turn               (no ring)

@: no status effects
A: large, unfitting armour, claws 3, regeneration 1, shaggy fur 1, tough skin 1,
deterioration 1, sense surroundings 1, robust 1
a: Renounce Religion, Heroism


You were in the Dungeon.
You worshipped Okawaru.
Okawaru was most pleased with you.
You visited 1 branch You collected 1845 gold pieces.

Inventory:

Hand Weapons
 o - a +2 long sword of holy wrath
Armour
 b - a +0 kite shield (worn)
 p - a +2 robe of fire resistance (worn)
 q - a +2 robe of willpower
Scrolls
 i - a scroll of blinking
 j - a scroll of immolation {unknown}
 k - 4 scrolls of identify
 l - a scroll of torment {unknown}
Potions
 a - a potion of lignification {unknown}
 c - 2 potions of might
 d - 3 potions of curing
 e - a potion of heal wounds
 f - a potion of haste
 g - 2 potions of magic
 h - a potion of berserk rage
 m - a potion of invisibility {unknown}
 n - 2 potions of mutation


   Skills:
 + Level 11.8 Fighting
 - Level 2.4 Dodging
 - Level 10.0 Shields
 + Level 13.6 Unarmed Combat


You had 8 spell levels left.
You didn't know any spells.
Your spell library contained the following spells:

 Spells                   Type           Power      Damage    Failure   Level
 Conjure Flame            Conj/Fire      0%         6-21      97%         3
 Ignite Poison            Fire/Tmut/Pois 0%         N/A       97%         3
 Sticky Flame             Conj/Fire      0%         2d3       100%        4


Dungeon Overview and Level Annotations

Branches:
Dungeon (1/1)

Altars:
Cheibriados
Dithmenos
Elyvilon
Fedhas
Gozag
Hepliaklqana
Kikubaaqudgha
Makhleb
Nemelex Xobeh
Okawaru
Qazlal
Ru
Sif Muna
Trog
Uskayaw
Vehumet
Wu Jian
Xom
Yredelemnul
Zin
The Shining One
Beogh
Jiyva
Lugonu

Shops:
D (


Innate Abilities, Weirdness & Mutations

You are too large for most types of armour.
You have claws for hands.
Your natural rate of healing is unusually fast.
You are covered in fur. (AC +1)
You have tough skin. (AC +1)
Your body sometimes deteriorates upon taking damage.
You passively map a small area around you.
You are robust. (+10% HP)


Message History

The deep elf pyromancer hits you with a +1 vampiric short sword.
You mangle the deep elf pyromancer!!
You kill the deep elf pyromancer!
Okawaru is honoured by your kill.
You feel your strength returning.
You feel your intelligence returning.
Things that are here:
a +1 vampiric short sword; a +0 scale mail; an elf corpse You start resting.
HP restored.
You start waiting.
You start waiting.
A deep elf knight is nearby!
You closely miss the deep elf knight.
The deep elf knight shouts!
The deep elf knight hits you with a +0 short sword.
You miss the deep elf knight.
The deep elf knight hits you with a +0 short sword!!
You closely miss the deep elf knight.
The deep elf knight gestures at you while chanting.
The shard of ice hits you!!!
You scratch the deep elf knight but do no damage.
You scratch the deep elf knight.
The deep elf knight is lightly wounded.
The deep elf knight hits you with a +0 short sword!
You claw the deep elf knight!
The deep elf knight is moderately wounded.
The deep elf knight hits you with a +0 short sword!
You miss the deep elf knight.
The deep elf knight is moderately wounded.
You block the deep elf knight's attack.
You scratch the deep elf knight but do no damage.
The deep elf knight is moderately wounded.
The deep elf knight blocks your attack.
The deep elf knight is moderately wounded.
You block the deep elf knight's attack.
You mangle the deep elf knight!!
The deep elf knight is almost dead.
The deep elf knight gestures at you while chanting.
The shard of ice hits you!!!
You die...

♣♣.###'#'###)##..[....._.#
#ee.≈
♣..#..........#.))......##
...#*
...))⌠........#.####..∩##
,..#
.♣.#...######'#..#,####.#
##
...#.⌠.#__#.).#'###########
...#...#__#).)#....#.#.#..
,*,
...#)###__#...##.#..#.##)#
,* ^
...#...#__#...'##e#.#.##.#,
...#___#__'...#)@.#..#..##
',
▓▓▓▓▓▓▓▓▓▓▓▓▓▓▓▓▓▓▓▓▓▓▓▓▓*
* * , * ≈ ,, , ≈ , * , * ,
≈ ≈* , ≈ , ≈ * ** *** , * *
, * + * * * ** * * , ≈ * ,
,


You could see a deep elf knight.

Vanquished Creatures
  2 deep elf pyromancers (D)
  An orc sorcerer (D)
  A shadow (D)
  A spatial vortex (D)
  2 orc warriors (D)
  A necrophage (D)
  4 two-headed ogres (D)
  A scorpion (D)
  A water elemental (D)
  3 orc priests (D)
  A jelly (D)
  A wizard (D)
  Jessica (D)
  A necromancer (D)
  2 orc wizards (D)
  3 humans (D)
  A kobold demonologist (D)
  7 orcs (D)
  3 rats (D)
37 creatures vanquished.

Notes
Turn   | Place    | Note
-------+----------+-------------------------------------------
     0 | D        | bnorton916 the Troll Fighter began the quest for the Orb.
     0 | D        | Reached XP level 1. HP: 22/22 MP: 0/0
    11 | D        | Noticed Jessica
    15 | D        | Killed Jessica
    16 | D        | Reached skill level 3 in Unarmed Combat
    16 | D        | Reached XP level 2. HP: 32/32 MP: 1/1
   171 | D        | Noticed a scorpion
   181 | D        | Killed a scorpion
   182 | D        | Reached skill level 5 in Unarmed Combat
   182 | D        | Reached XP level 3. HP: 35/40 MP: 2/2
   182 | D        | Reached XP level 4. HP: 42/49 MP: 3/3
   311 | D        | Gained mutation: You have a pair of small horns on your
                  | head. [potion of mutation]
   345 | D        | Reached skill level 5 in Fighting
   346 | D        | Lost mutation: You have a pair of small horns on your head.
                  | [potion of mutation]
   346 | D        | Gained mutation: Armour fits poorly on your strangely
                  | shaped body. [potion of mutation]
   347 | D        | Lost mutation: Armour fits poorly on your strangely shaped
                  | body. [potion of mutation]
   347 | D        | Gained mutation: Your body sometimes deteriorates upon
                  | taking damage. [potion of mutation]
   347 | D        | Gained mutation: You passively map a small area around you.
                  | [potion of mutation]
   347 | D        | Gained mutation: You are robust. (+10% HP) [potion of
                  | mutation]
   450 | D        | Noticed a water elemental
   452 | D        | Killed a water elemental
   453 | D        | Reached skill level 5 in Shields
   453 | D        | Reached skill level 6 in Unarmed Combat
   453 | D        | Reached XP level 5. HP: 63/63 MP: 4/4
   456 | D        | Found a radiant altar of Vehumet.
   461 | D        | Found a shimmering blue altar of Sif Muna.
   461 | D        | Found an ancient bone altar of Kikubaaqudgha.
   582 | D        | Found a hide-covered altar of Uskayaw.
   582 | D        | Found an iron altar of Okawaru.
   582 | D        | Found a bloodstained altar of Trog.
   582 | D        | Found an ornate altar of the Wu Jian Council.
   582 | D        | Noticed a human
   582 | D        | Noticed a human
   603 | D        | Killed a human
   604 | D        | Reached skill level 8 in Unarmed Combat
   604 | D        | Reached XP level 6. HP: 63/78 MP: 5/5
   606 | D        | Killed a human
   634 | D        | Found a basalt altar of Yredelemnul.
   634 | D        | Found a shadowy altar of Dithmenos.
   634 | D        | Found a sacrificial altar of Ru.
   643 | D        | Reached skill level 9 in Unarmed Combat
   643 | D        | Reached XP level 7. HP: 75/88 MP: 6/6
   655 | D        | Became a worshipper of Warmaster Okawaru
   661 | D        | Found a glowing silver altar of Zin.
   662 | D        | Found a glowing golden altar of the Shining One.
   662 | D        | Found a white marble altar of Elyvilon.
   662 | D        | Noticed a deep elf pyromancer
   667 | D        | Killed a deep elf pyromancer
   667 | D        | Reached * piety under Okawaru
   668 | D        | Reached skill level 10 in Unarmed Combat
   668 | D        | Reached XP level 8. HP: 101/101 MP: 7/7
   846 | D        | Found a blossoming altar of Fedhas.
   846 | D        | Found a stormy altar of Qazlal.
   847 | D        | Found a snail-covered altar of Cheibriados.
   847 | D        | Found a burning altar of Makhleb.
   847 | D        | Found a hazy altar of Hepliaklqana.
   847 | D        | Found a shimmering altar of Xom.
   847 | D        | Found an opulent altar of Gozag.
   847 | D        | Found a sparkling altar of Nemelex Xobeh.
   847 | D        | Found a corrupted altar of Lugonu.
   847 | D        | Found a viscous altar of Jiyva.
   851 | D        | Reached skill level 11 in Unarmed Combat
   873 | D        | Reached ** piety under Okawaru
  1057 | D        | Noticed a two-headed ogre
  1065 | D        | Killed a two-headed ogre
  1066 | D        | Reached skill level 10 in Fighting
  1066 | D        | Reached skill level 10 in Shields
  1214 | D        | Noticed an orc sorcerer
  1354 | D        | Reached skill level 12 in Unarmed Combat
  1358 | D        | Reached XP level 9. HP: 39/112 MP: 8/8
  1578 | D        | Noticed an ice devil
  1579 | D        | Noticed an ice devil
  1583 | D        | Killed an orc sorcerer
  1583 | D        | Reached *** piety under Okawaru
  1668 | D        | Found Quok's Weapon Shop.
  1671 | D        | Reached skill level 13 in Unarmed Combat
  1762 | D        | Noticed a deep elf zephyrmancer
  1762 | D        | Noticed a deep elf knight
  1762 | D        | Noticed a deep elf knight
  1762 | D        | Noticed a deep elf pyromancer
  1762 | D        | Noticed a deep elf pyromancer
  1863 | D        | Killed a deep elf pyromancer
  1944 | D        | Killed from afar by a deep elf knight

Illustrated notes

Levels and vault maps discovered:
D:        dungeon_sprint_mu [sprint_mu_entry_forest, sprint_mu_temple_rooms,
          sprint_mu_d1_spiders, sprint_mu_d2_genie, sprint_mu_d3_branching,
          sprint_mu_orc_legion, sprint_mu_elf_gauntlet, sprint_mu_hive_nellie,
          sprint_mu_lair_fedhas, sprint_mu_vaults_butterflies,
          sprint_mu_slime_circle, sprint_mu_swamp_cave, sprint_mu_shoals_kraken,
          sprint_mu_blade_basic, sprint_mu_crypt_lich, sprint_mu_tomb_spiral,
          sprint_mu_vestibule_basic, sprint_mu_gehenna_hellfire,
          sprint_mu_dis_giant, sprint_mu_tartarus_statrot,
          sprint_mu_cocytus_islands, sprint_mu_zot1]

Skill      XL: |  1  2  3  4  5  6  7  8  9 |
---------------+----------------------------+-----
Fighting       | 3 4 5 7 8 9 10 11 | 11.8
Shields        | 3 4 5 6 7 9 10 | 10.0
Unarmed Combat | 3 5 6 8 9 10 12 13 | 13.6
Dodging        | |  2.4

Action                   |  1- 3 |  4- 6 |  7- 9 || total
-------------------------+-------+-------+-------++-------
Melee: Unarmed           |    10 |    29 |   102 ||   141
       Headbutt          |       |     1 |       ||     1
  Use: Potion            |       |     3 |       ||     3
Armor: Robe              |     2 |     2 |     9 ||    13
Dodge: Dodged            |     2 |     7 |    27 ||    36
Block: Kite shield       |     4 |     8 |    43 ||    55
